Map: Ruins of Seras (3.1.4 Balance v1.1)

Players

Burt - Winner!

  • Race: Terran Terran

Rust

  • Race: Zerg Zerg

VOD

Have the link to the VOD?

Description

Time

  • Played on: April 1, 2016, 9 p.m.
  • Length: 17:41
Show
View Real Time Build Order
Export as new Build Order

Burt Terran - Winner!

Build Orders: Hellion Banshee 

Get SALT Encoding   

  12  0:01  SCV  
  13  0:13  SCV  
  14  0:18  Supply Depot  
  14  0:25  SCV  
  15  0:31  Refinery  
  15  0:39  SCV  
  16  0:48  Barracks  
  16  0:52  SCV  
  17  1:06  SCV  
  18  1:18  SCV  
  19  1:30  SCV  
  20  1:35  Factory  
  20  1:38  Marine  
  21  1:42  Orbital Command  
  21  1:48  Supply Depot  
  21  1:56  Barracks Reactor  
  21  2:08  SCV  
  22  2:22  Command Center  
  22  2:32  Starport  
  22  2:39  Refinery, SCV  
  23  2:47  Supply Depot  
  23  2:48  Barracks Tech Lab  
  23  2:51  SCV  
  26  2:58  Hellion  
  26  3:00  Hellion  
  28  3:06  SCV  
  28  3:34  Banshee  
  28  3:35  Hellion  
  28  3:36  Hellion  
  35  3:47  Supply Depot  
  34  3:50  Cloaking Field  
  34  3:57  Hellion  
  34  3:58  SCV, Supply Depot  
  37  4:08  Orbital Command  
  37  4:15  SCV  
  38  4:21  Hellion  
  40  4:26  Hellion  
  40  4:27  SCV  
  43  4:33  Banshee  
  43  4:35  SCV  
  47  4:39  SCV  
  43  4:52  SCV, Hellion x2  
  46  5:00  SCV  
  46  5:04  SCV  
  48  5:08  Supply Depot  
  48  5:12  SCV  
  48  5:13  Hellion  
  51  5:16  SCV  
  50  5:24  SCV  
  50  5:25  Banshee  
  48  5:28  SCV  
  48  5:30  Hellion  
  50  5:36  SCV  
  50  5:41  SCV  
  49  5:48  SCV  
  48  5:52  Hellion  
  48  5:53  SCV  
  48  5:54  Supply Depot  
  49  6:01  SCV  
  50  6:04  Factory  
  50  6:05  SCV  
  50  6:07  Banshee, Hellion  
  56  6:13  SCV, Hellion  
  56  6:17  SCV  
  60  6:22  Armory  
  60  6:25  SCV  
  61  6:28  Engineering Bay  
  61  6:29  SCV  
  61  6:32  Hellion  
  64  6:34  Hellion  
  64  6:37  SCV  
  67  6:41  SCV  
  67  6:44  Command Center  
  68  6:49  SCV  
  68  6:53  SCV  
  70  6:57  Supply Depot  
  70  6:58  Factory Tech Lab  
  60  7:08  SCV x2  
  62  7:13  Banshee, Refinery  
  62  7:14  Refinery  
  62  7:15  Hellion  
  67  7:17  Terran Vehicle And Ship Armor Level 1  
  67  7:19  Hi-Sec Auto Tracking  
  67  7:20  SCV x2  
  69  7:23  Hellion  
  71  7:32  SCV x2  
  79  7:39  Missile Turret  
  79  7:43  Missile Turret  
  79  7:46  SCV x2  
  79  7:49  Hellion x2  
  85  7:58  SCV x2  
  87  8:10  Banshee, SCV x2  
  87  8:12  Hellion x2  
  96  8:19  Unknown, Hellion  
  98  8:20  Factory x2  
  98  8:22  Planetary Fortress  
  98  8:23  Missile Turret  
  98  8:26  SCV  
  98  8:27  SCV  
  100  8:29  Building Armor  
  100  8:33  Hellion  
  102  8:36  Infernal Pre-Igniter  
  102  8:39  SCV x2  
  102  8:40  Refinery  
  104  8:43  Missile Turret  
  104  8:46  Siege Tank  
  109  8:48  Hellion  
  109  8:55  Supply Depot  
  109  8:59  Raven, SCV x2  
  113  9:05  SCV  
  107  9:11  SCV x2  
  86  9:17  Widow Mine x2  
  86  9:18  Widow Mine, Cyclone  
  77  9:42  Banshee, Factory Tech Lab  
  79  9:50  Factory Tech Lab, Hellion  
  79  9:51  Hellion x2  
  85  9:58  SCV x3  
  88  10:04  Terran Vehicle Weapons Level 1  
  88  10:10  SCV  
  88  10:12  Hellion x2  
  93  10:23  Refinery  
  93  10:24  Command Center  
  93  10:25  Banshee  
  93  10:27  SCV x3  
  99  10:34  Hellion  
  107  10:36  Hellion  
  107  10:39  SCV x2, Hellion  
  115  10:43  Hellion  
  115  10:44  SCV  
  116  10:51  SCV x2  
  118  10:59  SCV  
  125  11:08  SCV, Supply Depot  
  125  11:09  Hellion  
  125  11:10  Supply Depot  
  128  11:11  SCV x2  
  128  11:15  Unknown  
  130  11:24  Supply Depot  
  136  11:40  Liberator  
  136  11:43  Unknown  
  136  11:45  SCV x3  
  136  11:47  Siege Tank  
  142  11:51  Hellion  
  142  11:53  Hellion  
  152  11:57  SCV  
  152  12:00  Terran Ship Weapons Level 1  
  156  12:12  Unknown, SCV x3  
  156  12:15  Command Center  
  159  12:17  Hellion  
  159  12:18  Hellion  
  169  12:24  SCV  
  169  12:29  Hyperflight Rotors  
  170  12:31  Unknown, SCV x2  
  172  12:58  Unknown  
  172  13:07  SCV x2  
  150  13:14  SCV  
  150  13:19  SCV x2  
  125  13:22  Cyclone x3  
  125  13:24  Hellion x2  
  110  13:31  SCV x3  
  99  13:45  Hellion  
  101  13:51  Banshee  
  101  13:52  SCV x3  
  119  13:57  Terran Vehicle Weapons Level 2  
  119  14:04  SCV x2  
  119  14:06  Refinery, Orbital Command  
  121  14:12  Orbital Command  
  121  14:15  SCV  
  121  14:16  SCV  
  123  14:18  Hellion x2  
  123  14:19  Hellion  
  129  14:34  Raven, Refinery  
  129  14:37  Unknown x2, Hellion x2  
  135  14:40  Refinery, Hellion  
  137  14:49  SCV x4  
  137  14:50  SCV  
  148  15:01  SCV x3  
  157  15:17  Banshee  
  157  15:18  SCV x2  
  157  15:19  SCV x2  
  164  15:22  SCV  
  171  15:30  SCV, Hellion x2  
  171  15:34  Unknown, Hellion  
  178  15:37  Supply Depot  
  178  15:41  SCV x3  
  181  15:48  Supply Depot  
  181  15:50  Unknown, Hellion  
  181  15:51  Hellion  
  185  15:59  Raven  
  185  16:01  Starport x2  
  185  16:03  Starport  
  187  16:07  Armory  
  187  16:11  Unknown  
  187  16:23  Refinery  
  187  16:27  Siege Tank x2, Refinery  
  187  16:29  Hellion  
  187  16:30  Hellion x2  
  199  17:00  Cyclone x3  
  178  17:02  Hellion x2  
Show
View Real Time Build Order
Export as new Build Order

Rust Zerg 

Build Orders: Hatch First, Lurkers 

Get SALT Encoding   

  12  0:01  Drone  
  13  0:13  Overlord  
  13  0:18  Drone  
  14  0:25  Extractor  
  14  0:26  Drone  
  15  0:32  Drone  
  15  0:35  Drone  
  17  0:45  Drone  
  18  0:59  Hatchery  
  18  1:03  Extractor  
  16  1:14  Spawning Pool  
  16  1:16  Drone  
  16  1:20  Drone  
  16  1:23  Drone  
  18  1:29  Drone  
  19  1:41  Overlord  
  19  2:00  Queen  
  21  2:04  Metabolic Boost  
  21  2:08  Drone  
  22  2:11  Queen  
  22  2:13  Zergling x2  
  22  2:14  Drone  
  26  2:17  Drone  
  26  2:22  Extractor  
  26  2:25  Drone  
  26  2:28  Drone  
  28  2:40  Drone x2  
  30  2:50  Drone  
  31  3:00  Drone  
  31  3:03  Drone  
  31  3:04  Hatchery  
  32  3:07  Drone  
  33  3:17  Zergling x4  
  35  3:26  Zergling x2  
  36  3:27  Overlord  
  35  3:36  Zergling x2  
  36  3:43  Overlord  
  36  3:45  Queen  
  38  3:51  Drone x2  
  38  3:53  Drone  
  38  3:55  Queen  
  41  3:57  Zergling x2  
  44  4:10  Overlord  
  44  4:11  Drone x2  
  44  4:12  Drone x2  
  48  4:31  Roach Warren  
  47  4:32  Spore Crawler  
  47  4:34  Spore Crawler  
  45  4:40  Zergling x4  
  45  4:42  Burrow  
  46  4:47  Zergling x4  
  46  4:52  Zergling x2  
  48  4:53  Zergling x2  
  48  4:55  Zergling x2  
  47  5:04  Queen  
  49  5:09  Zergling x4  
  49  5:11  Zergling x6  
  49  5:12  Roach x3  
  60  5:18  Spine Crawler  
  59  5:27  Zergling x2  
  61  5:28  Roach  
  61  5:30  Roach x2  
  61  5:31  Drone  
  64  5:44  Roach  
  64  5:52  Overlord x2  
  64  5:54  Drone  
  64  5:56  Overlord  
  65  5:58  Lair  
  65  6:05  Evolution Chamber  
  65  6:07  Evolution Chamber, Drone, Overlord  
  65  6:10  Drone, Extractor  
  64  6:12  Extractor  
  63  6:29  Drone  
  63  6:30  Drone x3, Overlord  
  63  6:31  Roach, Spore Crawler  
  68  6:37  Roach  
  70  6:41  Drone x3  
  70  6:42  Drone  
  74  6:47  Roach  
  75  6:55  Zergling x2  
  69  7:03  Zergling x2  
  69  7:04  Roach x2  
  69  7:05  Roach x2  
  69  7:06  Roach  
  69  7:07  Roach  
  79  7:12  Roach  
  79  7:14  Glial Reconstitution  
  81  7:17  Drone  
  81  7:19  Drone x2  
  84  7:26  Queen  
  86  7:31  Overseer  
  86  7:38  Roach  
  90  7:44  Hydralisk Den, Roach  
  90  7:49  Drone x2, Overlord  
  91  7:52  Roach  
  91  7:53  Roach  
  91  7:54  Roach  
  91  7:56  Ravager x5  
  102  7:59  Roach  
  102  8:00  Zergling x2  
  105  8:06  Zerg Missile Weapons Level 1  
  105  8:08  Zerg Ground Armor Level 1  
  105  8:12  Drone x2  
  107  8:15  Drone x2  
  107  8:18  Drone  
  110  8:20  Roach  
  112  8:30  Roach  
  114  8:36  Overlord x2  
  114  8:43  Pneumatized Carapace  
  114  8:45  Overlord x2  
  114  8:55  Drone  
  114  8:56  Drone x2, Overlord  
  114  9:00  Muscular Augments  
  114  9:01  Roach  
  119  9:02  Infestation Pit  
  113  9:11  Roach x2  
  113  9:12  Ravager  
  113  9:13  Roach, Ravager  
  107  9:31  Roach  
  107  9:32  Hydralisk x4  
  107  9:33  Drone  
  107  9:34  Roach  
  107  9:36  Roach  
  112  9:40  Roach  
  112  9:41  Drone x2  
  112  9:44  Roach  
  113  9:47  Roach  
  113  9:51  Drone x2  
  113  9:52  Drone x2  
  119  9:53  Drone  
  119  9:56  Roach  
  119  9:58  Hydralisk  
  124  10:00  Queen  
  126  10:10  Roach  
  128  10:14  Hydralisk x2  
  128  10:15  Hydralisk x3  
  138  10:21  Extractor  
  138  10:23  Extractor  
  136  10:33  Lurker Den  
  136  10:38  Hatchery  
  135  10:44  Roach  
  135  10:45  Hydralisk x3  
  135  10:48  Roach  
  145  10:55  Overlord x2  
  145  11:15  Drone  
  146  11:22  Zergling x6  
  146  11:23  Zergling x2  
  146  11:24  Roach x3  
  156  11:29  Ravager  
  156  11:32  Ravager, Hydralisk x2  
  158  11:34  Overlord x3  
  162  11:40  Overseer  
  162  11:41  Overlord  
  162  11:43  Overlord  
  162  11:53  Hydralisk x5  
  162  11:57  Roach x22  
  162  11:58  Roach x2, Ravager  
  162  11:59  Roach x22, Hydralisk x2  
  172  12:01  Lurker  
  172  12:02  Ravager  
  172  12:03  Lurker  
  172  12:04  Lurker  
  172  12:05  Lurker x2  
  177  12:21  Lurker x4  
  176  12:23  Lurker x2  
  176  12:24  Zergling x4  
  176  12:25  Zergling x4  
  176  12:26  Zergling x12  
  176  12:27  Zergling x10  
  116  13:28  Roach  
  116  13:30  Hydralisk x2  
  116  13:31  Hydralisk x6  
  116  13:32  Hydralisk x5  
  123  13:48  Roach, Hydralisk x2  
  120  13:56  Roach  
  120  13:57  Spore Crawler  
  120  14:00  Roach, Zergling x2  
  124  14:03  Hive  
  124  14:09  Hatchery  
  123  14:16  Roach  
  125  14:17  Zergling x2  
  125  14:19  Zergling x10  
  131  14:31  Extractor  
  130  14:35  Extractor  
  130  14:36  Hydralisk x4  
  130  14:37  Hydralisk x3  
  130  14:38  Zergling x8  
  146  14:40  Roach  
  146  14:45  Lair  
  147  14:48  Roach  
  147  14:49  Zergling x2  
  147  14:51  Roach  
  152  14:56  Zergling x2  
  152  14:57  Zergling x2  
  154  15:02  Zergling x2  
  154  15:03  Overlord  
  155  15:11  Roach  
  155  15:13  Zergling x2  
  158  15:14  Lurker x2  
  158  15:15  Lurker x2  
  158  15:16  Drone  
  164  15:28  Roach  
  164  15:29  Zergling x2  
  164  15:35  Drone, Zergling x4  
  168  15:45  Roach  
  168  15:46  Zergling x10  
  168  15:48  Drone  
  165  15:52  Spore Crawler  
  165  15:53  Spore Crawler x2, Roach  
  165  15:54  Zergling x2  
  165  15:56  Ravager  
  165  15:57  Lurker x3  
  168  15:59  Lurker  
  168  16:00  Zergling x2  
  171  16:09  Roach  
  173  16:12  Ultralisk Cavern  
  173  16:15  Overlord  
  172  16:21  Zergling x2  
  172  16:24  Zergling x2  
  174  16:30  Roach, Zergling x2  
  174  16:31  Zergling x6  
  174  16:32  Drone  
  181  16:39  Zergling x2  
  182  16:41  Zergling x2  
  183  16:49  Zergling x6  
  183  16:50  Zergling x2  
  143  17:05  Roach  
  143  17:06  Roach x2  
  111  17:12  Drone, Roach x2  
  111  17:14  Roach  
  99  17:16  Zergling x2  
Tags
 
Add a new tag
Caveats
  • Supply blocks, unpowered buildings, or Contaminate may cause inaccurate times.
  • Supply counts are checked every 10 seconds.